 Dungeon Crawl Stone Soup version 0.29.1-13-g9f3cf754e1 (webtiles) character file.

Game seed: 8067896018969704960

56 cheesebisquit the Cutter (level 3, 0/28 HPs)
             Began as a Merfolk Gladiator on Jan 21, 2023.
             Slain by a gnoll
             ... wielding a +0 club
              (3 damage)
             ... on level 2 of the Dungeon.
             The game lasted 00:09:07 (1710 turns).

cheesebisquit the Cutter (Merfolk Gladiator)        Turns: 1710, Time: 00:09:07

Health: 0/28       AC:  4    Str: 14    XL:     3   Next: 95%
Magic:  3/3        EV: 13    Int:  7    God:
Gold:   74         SH:  0    Dex: 17    Spells: 2/2 levels left

rFire   . . .      SeeInvis .   a - +0 rapier
rCold   . . .      Faith    .   (no shield)
rNeg    . . .      Spirit   .   b - +0 leather armour
rPois   .          Reflect  .   c - +0 helmet
rElec   .          Harm     .   (no cloak)
rCorr   .          Rampage  .   (no gloves)
Will    +....                   (no boots)
Stlth   ++........              (no amulet)
HPRegen 0.09/turn               d - ring of willpower
MPRegen 0.08/turn               m - ring of flight

@: flying
A: (nimble swimmer 2), mertail
a: no special abilities


You were on level 2 of the Dungeon.
You visited 1 branch of the dungeon, and saw 2 of its levels.

You collected 74 gold pieces.

Inventory:

Hand Weapons
 a - a +0 rapier (weapon)
Missiles
 e - a javelin
 h - 15 stones (quivered)
Armour
 b - a +0 leather armour (worn)
 c - a +0 helmet (worn)
Jewellery
 d - a ring of willpower (left hand)
 m - a ring of flight (right hand)
Scrolls
 g - a scroll of torment {unknown}
 k - a scroll of enchant weapon {unknown}
 o - a scroll of enchant armour {unknown}
 p - 2 scrolls of teleportation {unknown}
 r - a scroll of magic mapping {unknown}
 s - a scroll of identify {unknown}
Potions
 f - a potion of flight {unknown}
 i - a potion of haste {unknown}
 j - a potion of heal wounds {unknown}
 l - a potion of resistance {unknown}
 n - 2 potions of ambrosia {unknown}
 q - a potion of curing {unknown}


   Skills:
 + Level 2.7 Fighting
 * Level 4.6 Short Blades
 - Level 2.0 Throwing
 + Level 4.5 Dodging
 + Level 1.5 Stealth


You had 2 spell levels left.
You didn't know any spells.
Your spell library contained the following spells:

 Spells                   Type           Power      Damage    Failure   Level
 Sublimation of Blood     Necr           0%         N/A       65%         2
 Wereblood                Tmut           0%         N/A       65%         2
 Confusing Touch          Hex            0%         N/A       87%         3
 Yara's Violent Unravell  Hex/Tmut       0%         3d3       100%        5
 Enfeeble                 Hex            0%         N/A       100%        7
 Summon Hydra             Summ           0%         N/A       100%        7


Dungeon Overview and Level Annotations

Branches:
Dungeon (2/15)

Altars:
Kikubaaqudgha

Annotations:
D:2 1 runed translucent door, Crazy Yiuf


Innate Abilities, Weirdness & Mutations

((You are very nimble when in or above water. (Stealth+, EV+, Speed+++)))
Your lower body shifts to a powerful aquatic tail in water.


Message History

You puncture the ball python!
You kill the ball python!
A gnoll comes into view. It is wielding a +0 club.
The gnoll shouts!
You hear a shout!
A gnoll comes into view. It is wielding a +3 whip.
You throw a stone. The stone closely misses the gnoll.
You barely miss the gnoll.
The gnoll shouts!
The gnoll barely misses you.
You closely miss the gnoll. The gnoll misses you.
You hit the gnoll.
The gnoll is moderately wounded.
The gnoll hits you with a +0 club. The gnoll attacks as you move away!
The gnoll misses you.
You hit the gnoll but do no damage.
The gnoll is moderately wounded.
The gnoll hits you with a +0 club. The gnoll misses you.
You closely miss the gnoll.
The gnoll is moderately wounded.
The gnoll hits you with a +0 club. The gnoll closely misses you.
The gnoll attacks as you move away! The gnoll closely misses you.
You closely miss the gnoll.
The gnoll is moderately wounded.
The gnoll misses you.
You puncture the gnoll!
The gnoll is almost dead.
You closely miss the gnoll.
The gnoll is almost dead.
The gnoll hits you with a +0 club. The gnoll hits you with a +3 whip.
The gnoll attacks as you move away! The gnoll hits you with a +3 whip!
* * * LOW HITPOINT WARNING * * *
The gnoll hits you with a +0 club.
* * * LOW HITPOINT WARNING * * *
Okay, then.
Okay, then.
The gnoll attacks as you move away! The gnoll barely misses you.
The gnoll attacks as you move away! The gnoll misses you.
The gnoll attacks as you move away! The gnoll hits you with a +0 club.
You die...

######### ##..... #.......#
#...... #.......# #......
#####.......####......
#...........##...##.## ##
###.##..######...###..# .#
###......######..####..### .#
#......###.gg...## #..... .#
##.#......@g##########.....
.######..#.รท......# ###.........
........##).........##......g....
...######.....#..............####
.................#...........#
............>......#.........#
..............#.......#...##.#
........................#. ...
####.###.._....... ...... ....


You could see 3 gnolls.

Vanquished Creatures
  An adder (D:2)
  2 dart slugs (D:1)
  5 endoplasms
  A giant cockroach (D:2)
  5 hobgoblins (D:1)
  6 jackals (D:1)
  4 kobolds
  A quokka (D:2)
  3 ball pythons
  A bat (D:1)
  A frilled lizard (D:1)
  5 goblins (D:1)
  4 rats
39 creatures vanquished.

Notes
Turn   | Place    | Note
-------+----------+-------------------------------------------
     0 | D:1      | cheesebisquit the Merfolk Gladiator began the quest for the
                  | Orb.
     0 | D:1      | Reached XP level 1. HP: 16/16 MP: 1/1
   290 | D:1      | Reached XP level 2. HP: 23/23 MP: 2/2
   371 | D:1      | Reached skill level 1 in Stealth
   461 | D:1      | Reached XP level 3. HP: 26/28 MP: 3/3
  1273 | D:2      | Found an ancient bone altar of Kikubaaqudgha.
  1374 | D:2      | Found a faded altar of an unknown god.
  1420 | D:2      | Found a runed translucent door.
  1421 | D:2      | Noticed Crazy Yiuf
  1710 | D:2      | Slain by a gnoll

Illustrated notes

Levels and vault maps discovered:
D:1:      evilmike_arrival_fibonacci_small, layout_basic, minivault_11,
          minmay_unequal
D:2:      layout_rooms, shapermc_ecumenical_altar_mp_vishouse, basic_altar,
          uniq_crazy_yiuf_cottage

Skill      XL: |  1  2 |
---------------+-------+-----
Short Blades   | 4 |  4.6
Stealth        | 1 |  1.5
Fighting       | |  2.7
Throwing       | |  2.0
Dodging        | |  4.5

Action                   || total
-------------------------++-------
Melee: Rapier            ||   122
       Punch             ||     1
Throw: Throwing net      ||     4
       Javelin           ||     5
       Stone             ||    18
 Stab: Held in net/web   ||     1
       Sleeping          ||     1
Armor: Leather armour    ||    26
Dodge: Dodged            ||    84
